Description

LOTV PIG'S Rule of 1 gas

Build Order

Get SALT Encoding   

  13  0:13  Overlord  
  17  0:52  Hatchery  
  17  1:08  Spawning Pool  
  17  1:15  Extractor  
  19  1:37  Overlord  
  19  1:57  Queen  
  21  1:59  Zergling  
  22  2:01  Zergling  
  23  2:04  Queen  
  25  2:06  Zergling  
  28  2:15  Metabolic Boost  Take off Gas
  32  2:43  Hatchery  
  31  2:45  Queen  
  33  2:50  Overlord  
  36  3:20  Overlord  
  36  3:22  Overlord  Back on gas and scout StarPort or 3rd CC
  45  4:00  Queen  
  47  4:02  Queen  
  49  4:04  Queen  
Spawning Tool Build Advisor. Get it on Overwolf

Go to:

Details

  • Created by: darkhorse
  • Published on: May 23, 2016
  • Modified on: May 23, 2016
  • Patch: Pre-3.8.0
Show
View Real Time Build Order
Export as new Build Order

Comments (1)

On Dec. 8, 2016, 10:14 p.m., zardilior  said:

An analysis or follow options would help specially after the scout what is supposed to happen

Create an account to comment!